 Dungeon Crawl Stone Soup version 0.31-a0-321-g19405a7a6a (webtiles) character file.

Game seed: 2765137282051458399

1389 hellse the Ruffian (level 8, 0/44 HPs)
             Began as a Vine Stalker Fighter on May 23, 2023.
             Was a Follower of Okawaru.
             Succumbed to a killer bee's poison
             ... on level 5 of the Dungeon on July 17, 2023.
             The game lasted 00:11:34 (4025 turns).

hellse the Ruffian (Vine Stalker Fighter)           Turns: 4025, Time: 00:11:35

Health: 0/44       AC:  7    Str: 19    XL:     8   Next: 68%
Magic:  6/9        EV:  9    Int:  8    God:    Okawaru [*.....]
Gold:   258        SH:  5    Dex: 16    Spells: 7/7 levels left

rFire   . .          .
                       - Unarmed
rCold   . . .        b - +0 buckler
rNeg    . . .        a - +0 scale mail
rPois   .            (no helmet)
rElec   .            (no cloak)
rCorr   .            (no gloves)
SInv    .            (no boots)
Will    +....        (no amulet) Stlth
                     (no ring)
HPRegen 1.07/turn    (no ring)
MPRegen 0.11/turn

%: guardian spirit
@: mighty, lethally poisoned (0 -> -10), attractive
A: fangs 3, regeneration 1, magic shield, antimagic bite, no potion heal 2
a: Renounce Religion, Heroism


You were on level 5 of the Dungeon.
You worshipped Okawaru.
Okawaru was aware of your devotion.
You visited 1 branch of the dungeon, and saw 5 of its levels.

You collected 258 gold pieces.

Inventory:

Hand Weapons
 h - a +0 sling
Missiles
 r - 3 javelins
Armour
 a - a +0 scale mail (worn)
 b - a +0 buckler (worn)
Wands
 t - a wand of flame (15)
Scrolls
 f - a scroll of enchant weapon {unknown}
 j - a scroll of fear
 k - a scroll of enchant armour
 l - 2 scrolls of identify
 o - a scroll of immolation
 p - a scroll of summoning {unknown}
 q - 3 scrolls of teleportation
 s - a scroll of torment {unknown}
Potions
 c - a potion of might
 d - a potion of attraction
 e - 2 potions of cancellation {unknown}
 g - a potion of heal wounds {unknown}
 i - 2 potions of lignification {unknown}
 m - 2 potions of curing {unknown}
 n - a potion of magic {unknown}
 u - a potion of mutation {unknown}


   Skills:
 + Level 6.0 Fighting
 - Level 5.0 Armour
 - Level 2.6 Shields
 - Level 7.0 Unarmed Combat


You had 7 spell levels left.
You didn't know any spells.
Your spell library was empty.

Dungeon Overview and Level Annotations

Branches:
Dungeon (5/15)
 Temple: D:4-7

Altars:
Cheibriados
Gozag
Okawaru
Trog
Vehumet
Xom
The Shining One


Innate Abilities, Weirdness & Mutations

You have razor-sharp teeth.
Your natural rate of healing is unusually fast.
When hurt, damage is shared between your health and your magic reserves.
Your bite disrupts and absorbs the magic of your enemies.
Potions cannot restore your health.


Message History

The killer bee poisons you!
The killer bee stings you but does no damage. x2
The killer bee closely misses you. You block the killer bee's attack.
You barely miss the killer bee. Your bite misses the killer bee.
You feel very sick.
The killer bee stings you but does no damage.
The killer bee barely misses you. You block the killer bee's attack. x2
The killer bee misses you. The killer bee barely misses you.
The killer bee stings you.
You are more poisoned.
The killer bee poisons you! The killer bee stings you.
* * * LOW HITPOINT WARNING * * *
You miss the killer bee. You bite the killer bee! You drain its power.
You feel invigorated.
The killer bee is heavily wounded.
* * * LOW HITPOINT WARNING * * *
You feel very sick. You block the killer bee's attack.
The killer bee stings you but does no damage.
You block the killer bee's attack. The killer bee barely misses you.
The killer bee stings you.
* * * LOW HITPOINT WARNING * * *
The killer bee closely misses you.
The killer bee stings you but does no damage.
The killer bee closely misses you.
You closely miss the killer bee. You bite the killer bee!
You kill the killer bee!
Okawaru accepts your kill.
* * * LOW HITPOINT WARNING * * *
You feel very sick. The killer bee closely misses you.
The killer bee stings you but does no damage.
You block the killer bee's attack. The killer bee stings you.
* * * LOW HITPOINT WARNING * * *
You are more poisoned.
The killer bee poisons you! The killer bee barely misses you. x2
Your Fighting skill increases to level 6!
Unknown command.
You closely miss the killer bee. Your bite misses the killer bee.
You die...

...#............
...#.#####+..... .....#
.... .....# #+####+####..#
##
##...............#..##.###
.#.....∩.........#........
.+...............#........
.#.............y.#........
##.............y@#.....#
..............y.#.....##.
........................
..........####.####.. ...
..........# ...
..###+######...# ..y.#
..#........#...# ....#
..#.......))...# _.....
..#........#...# ....#..


You could see 3 killer bees.

Vanquished Creatures
  Pikel (D:5)
  Grinder (D:5)
  Eustachio (D:5)
  2 lemures (D:5)
  A scorpion (D:4)
  2 killer bees (D:5)
  A howler monkey (D:4)
  3 orc priests
  A hound (D:5)
  2 jellies (D:4)
  Terence (D:3)
  7 adders
  4 gnolls (D:4)
  A worm (D:3)
  A dart slug (D:1)
  13 orcs
  9 bats
  5 endoplasms
  A giant cockroach (D:1)
  10 goblins
  7 hobgoblins
  11 jackals
  7 kobolds
  6 quokkas
  4 ball pythons
  4 frilled lizards
  A rat (D:1)
107 creatures vanquished.

Notes
Turn   | Place    | Note
-------+----------+-------------------------------------------
     0 | D:1      | hellse the Vine Stalker Fighter began the quest for the
                  | Orb.
     0 | D:1      | Reached XP level 1. HP: 11/11 MP: 2/2
   118 | D:1      | Reached XP level 2. HP: 16/16 MP: 3/3
   238 | D:1      | Reached skill level 3 in Unarmed Combat
   527 | D:1      | Reached XP level 3. HP: 19/19 MP: 4/4
   619 | D:1      | Found a faded altar of an unknown god.
  1074 | D:2      | Reached skill level 4 in Unarmed Combat
  1161 | D:2      | Gained mutation: Your natural rate of healing is unusually
                  | fast. [Vine Stalker growth]
  1161 | D:2      | Reached XP level 4. HP: 21/23 MP: 5/5
  1736 | D:4      | Reached skill level 5 in Unarmed Combat
  1736 | D:4      | Reached XP level 5. HP: 26/27 MP: 4/6
  1748 | D:4      | Found an opulent altar of Gozag.
  1748 | D:4      | Found a radiant altar of Vehumet.
  1749 | D:4      | Found an iron altar of Okawaru.
  1762 | D:4      | Found a bloodstained altar of Trog.
  1766 | D:4      | Became a worshipper of Warmaster Okawaru
  1935 | D:3      | Noticed Terence
  1952 | D:3      | Killed Terence
  1953 | D:3      | Reached XP level 6. HP: 31/33 MP: 7/7
  1994 | D:3      | Found a glowing golden altar of the Shining One.
  2181 | D:3      | Found a shimmering altar of Xom.
  2445 | D:4      | Upgraded the game from 0.31-a0-75-g6fe912e8c5 to
                  | 0.31-a0-321-g19405a7a6a
  3146 | D:4      | Reached skill level 6 in Unarmed Combat
  3224 | D:4      | Reached XP level 7. HP: 38/38 MP: 6/8
  3444 | D:5      | Entered Level 5 of the Dungeon
  3525 | D:5      | Noticed Grinder
  3525 | D:5      | Paralysed by Grinder for 5 turns
  3534 | D:5      | Killed Grinder
  3535 | D:5      | Reached skill level 5 in Fighting
  3609 | D:5      | Noticed Pikel
  3770 | D:5      | Killed Pikel
  3770 | D:5      | Reached * piety under Okawaru
  3771 | D:5      | Reached skill level 5 in Armour
  3771 | D:5      | Gained mutation: You have razor-sharp teeth. [Vine Stalker
                  | growth]
  3771 | D:5      | Reached XP level 8. HP: 15/43 MP: 5/9
  3843 | D:5      | Noticed Eustachio
  3864 | D:5      | Killed Eustachio
  3865 | D:5      | Reached skill level 7 in Unarmed Combat
  4010 | D:5      | Found a snail-covered altar of Cheibriados.
  4025 | D:5      | Succumbed to a killer bee's poison

Illustrated notes

Levels and vault maps discovered:
D:1:      amcnicky_arrival_gap_in_the_tavern_cellar, layout_loops_cross,
          shapermc_ecumenical_altar_totnotflames
D:2:      layout_basic, skrybe_limestone_x, serial_bayou_lagoon_b
D:3:      layout_rooms, amcnicky_altar_gilded, overflow_temple_1_default,
          guppyfry_early_orc_mine, uniq_terence
D:4:      layout_gridville, nicolae_overflow_quartered_altars
D:5:      layout_gridville, lemuel_tele_altar, abandoned_shop,
          chequers_serial_rivers_small_b, minmay_misc_feat_encased,
          uniq_eustachio, uniq_grinder, uniq_pikel

Skill      XL: |  1  2  3  4  5  6  7  8 |
---------------+-------------------------+-----
Unarmed Combat | 3 4 5 6 7 |  7.0
Fighting       | 4 5 6 |  6.0
Armour         | 5 |  5.0
Shields        | |  2.6

Action                     |  1- 3 |  4- 6 |  7- 9 || total
---------------------------+-------+-------+-------++-------
  Melee: Unarmed           |    98 |   160 |    76 ||   334
         Bite              |    22 |    53 |    29 ||   104
    Use: Scroll            |       |     5 |     1 ||     6
         Potion            |       |     1 |     3 ||     4
 Armour: Scale mail        |    37 |    58 |    30 ||   125
  Dodge: Dodged            |    47 |    60 |    53 ||   160
  Block: Buckler           |    20 |    42 |    25 ||    87

Table legend: (Time is in decaauts)
 A = Elapsed time spent in this place.
 B = Non-inter-level travel time spent in this place.
 C = Inter-level travel time spent in this place.
 D = Time resting spent in this place.
 E = Time spent auto-exploring this place.
 F = Levels seen in this place.
 G = Mean time per level.
                   A        B        C        D        E       F      G
               +--------+--------+--------+--------+--------+-----+--------+
         Total |   4019 |   3738 |    281 |    487 |   2394 |   5 |  803.8 |
       Dungeon |   4019 |   3738 |    281 |    487 |   2394 |   5 |  803.8 |
               +--------+--------+--------+--------+--------+-----+--------+

Top non-repeatable levels by time:
     D:4: 1142 daAuts
     D:1: 1021 daAuts
     D:2: 656 daAuts
     D:3: 624 daAuts
     D:5: 574 daAuts
